AoeStats
← tavoo

Four Lakes

507851006Analyzed
1v1 RM · 14d ago on Sep 19, 2026· 55m 57s· 2 players
Game mode
Random Map
Map size
Tiny (2 player)
Population
200
Speed
Normal
Resources
Standard
Victory
Conquest
Starting age
Dark Age
Ending age
Imperial Age
RankedLock teamsTeams togetherTeam positionsShared explorationLock speedFull tech treeHidden civsTurbo modeCheats
Victory
Defeat
🇲🇽 Goths · Mexico
1357
+18
🇦🇺 Huns · Australia
1400
-18
tavoo
10:54 Feudal Age
11:26 Loom
11:32 Double-Bit Axe
12:53 Man-at-Arms
17:04 Castle Age
20:01 Scale Mail Armor
20:50 Wheelbarrow
24:22 Forging
26:38 Bow Saw
26:37 Squires
29:49 Anarchy
32:11 Hand Cart
33:38 Iron Casting
33:21 Chain Mail Armor
33:13 Pikeman
37:04 Imperial Age
35:14 Town Watch
38:26 Iron Casting
37:13 Halberdier
37:29 Capped Ram
39:49 Conscription
41:04 Fletching
41:14 Padded Archer Armor
42:56 Two-Man Saw
41:56 Elite Skirmisher
43:08 Bodkin Arrow
44:32 Bracer
45:34 Leather Archer Armor
46:52 Ballistics
47:11 Elite Huskarl
52:00 Ring Archer Armor
52:38 Blast Furnace
52:10 Ring Archer Armor
56:30 Town Patrol
56:46 Masonry
Bubblegum_BTW
12:12 Feudal Age
13:03 Loom
15:53 Castle Age
14:35 Double-Bit Axe
14:42 Gold Mining
20:42 Fishing Lines
21:52 Gold Shaft Mining
22:32 Wheelbarrow
21:44 Town Watch
23:18 Medium Warships
22:59 Gillnets
24:00 Fletching
29:01 Bow Saw
28:48 Stone Mining
29:59 Scale Barding Armor
30:28 Forging
31:45 Ballistics
31:42 Bloodlines
31:33 Husbandry
31:55 Chain Barding Armor
32:15 Hand Cart
36:34 Imperial Age
35:56 Padded Archer Armor
35:51 Bodkin Arrow
36:11 Thumb Ring
36:51 Marauders
37:17 Bracer
37:34 Leather Archer Armor
38:02 Iron Casting
38:46 Plate Barding Armor
40:27 Conscription
42:10 Blast Furnace
43:09 Elite Tarkan
47:12 Heavy Cavalry Archer
48:17 Heavy Cavalry Archer
49:23 Parthian Tactics
51:51 Light Cavalry
52:58 Hussar
Connection lost

Rejoining the realm…

Still unreachable

The connection could not be restored.

Session expired

The server has moved on; the page needs a fresh start.